 Dungeon Crawl Stone Soup version 0.27-a0-604-g29a88b33a7 (webtiles) character file.

Game seed: 15846350775717527767

408 EnegeticOcto the Twirler (level 7, -1/69 HPs)
             Began as a Halfling Gladiator on Mar 12, 2021.
             Was a Follower of Okawaru.
             Killed from afar by Dowan (14 damage)
             ... with a stone arrow
             ... on level 5 of the Dungeon.
             The game lasted 00:04:53 (926 turns).

EnegeticOcto the Twirler (Halfling Gladiator)        Turns: 926, Time: 00:04:53

Health: -1/69      AC: 23    Str: 13 (15) XL:     7   Next: 13%
Magic:  5/7        EV:  3    Int:  7 (8)  God:    Okawaru [*.....]
Gold:   104        SH:  0    Dex: 14 (16) Spells: 6/6 levels left

rFire    . . .     SeeInvis .   a - +0 quarterstaff
rCold    . . .     Faith    .   (shield currently unavailable)
rNeg     + + +     Spirit   .   (armour currently unavailable)
rPois    +         Reflect  .   (helmet currently unavailable)
rElec    .         Harm     .   (cloak currently unavailable)
rCorr    .         Rampage  .   (gloves currently unavailable)
Will     .....     NoTele   +   (boots currently unavailable)
Stlth    +++.......             (no amulet)
HPRegen  0.21/turn              (no ring)
MPRegen  0.10/turn              (no ring)

@: tree-form, heroic
A: small, mutation resistance 1
a: Renounce Religion, Heroism


You were on level 5 of the Dungeon.
You worshipped Okawaru.
Okawaru was aware of your devotion.
You were a tree.
You visited 2 branches of the dungeon, and saw 6 of its levels.

You collected 104 gold pieces.

Inventory:

Hand Weapons
 a - a +0 quarterstaff (weapon)
Missiles
 h - 138 stones (quivered)
 p - 8 boomerangs
Armour
 b - a +0 leather armour
 c - a +0 helmet (melded)
 e - a +0 ring mail
   (You found it on level 1 of the Dungeon)
 i - a +0 scale mail (melded)
   (You found it on level 1 of the Dungeon)
Wands
 f - a wand of flame (19) {@v4}
   (You found it on level 2 of the Dungeon)
Scrolls
 g - a scroll of identify {@r1}
 l - a scroll of teleportation {unknown}
Potions
 j - a potion of invisibility
 k - a potion of degeneration
 n - a potion of flight {unknown}
 o - a potion of heal wounds {unknown}


   Skills:
 + Level 3.0(8.0) Fighting
 * Level 5.8(10.8) Staves
 - Level 2.0(7.0) Throwing
 - Level 3.2(8.2) Dodging


You had 6 spell levels left.
You didn't know any spells.
Your spell library was empty.

Dungeon Overview and Level Annotations

Branches:
Dungeon (5/15)             Temple (1/1) D:4

Altars:
Makhleb
Okawaru
Sif Muna
Uskayaw

Annotations:
D:5 Dowan


Innate Abilities, Weirdness & Mutations

You are small and have problems with some larger weapons.
You are somewhat resistant to further mutation.


Message History

Duvessa is moderately wounded.
Duvessa hits you with a +0 short sword!
You are too injured to fight recklessly!
You are too injured to fight recklessly!
Throw: 3 throwing nets {!f}
Press: ? - help, Q - select action, (/) - cycle Shift-Dir - straight line, f/p - Duvessa
Aim: Duvessa, wielding a +0 short sword and wearing a +0 scale mail (moderately wounded, 69% to hit)
You throw a throwing net {!f}. The throwing net {!f} hits Duvessa.
Duvessa is caught in the net!
Duvessa is moderately wounded.
Duvessa struggles against the net.
You hit Duvessa.
Duvessa is heavily wounded.
Duvessa struggles against the net.
You completely miss Duvessa.
Duvessa is heavily wounded.
Duvessa struggles against the net.
You hit Duvessa.
Duvessa is heavily wounded.
Duvessa struggles against the net.
You strike the helpless Duvessa from behind!
You hit Duvessa.
Duvessa is severely wounded.
Duvessa struggles against the net.
The net rips apart, and Duvessa comes free!
You barely miss Duvessa.
Duvessa is severely wounded.
Duvessa misses you.
Dowan gestures wildly while chanting.
Dowan blinks!
You hit Duvessa but do no damage.
Duvessa is severely wounded.
Duvessa hits you but does no damage.
You hit Duvessa but do no damage.
Duvessa is severely wounded.
Duvessa hits you with a +0 short sword.
You hit Duvessa but do no damage.
Duvessa is severely wounded.
Duvessa hits you but does no damage.
Press: ? - help, v - describe, . - travel
Here: Duvessa, wielding a +0 short sword and wearing a +0 scale mail (severely wounded)
The floor, spattered with blood.
Throw: 2 throwing nets {!f}
Press: ? - help, Q - select action, (/) - cycle Shift-Dir - straight line, f/p - Duvessa
Aim: Duvessa, wielding a +0 short sword and wearing a +0 scale mail (severely wounded, 69% to hit)
You throw a throwing net {!f}. The throwing net {!f} hits Duvessa.
Duvessa is caught in the net!
Duvessa is severely wounded.
Duvessa struggles against the net.
You catch the helpless Duvessa completely off-guard!
You hit Duvessa but do no damage.
Duvessa is severely wounded.
Duvessa struggles against the net.
You hit Duvessa.
Duvessa is almost dead.
Duvessa struggles against the net.
You catch the helpless Duvessa completely off-guard!
You hit Duvessa.
You kill Duvessa!
Okawaru is honoured by your kill.
You can now gain great but temporary skills.
You hear a distant wail of despair.
Your Fighting skill increases to level 3!
You have reached level 7!
You sock the leopard gecko!
You kill the leopard gecko!
Okawaru accepts your kill.
Dowan seems to find hidden reserves of power!
You hit Dowan but do no damage. Dowan barely misses you. Dowan misses you.
Throw: throwing net {!f}
Press: ? - help, Q - select action, (/) - cycle Shift-Dir - straight line, f - Dowan
Aim: Dowan, wielding a +2 dagger of speed and wearing a +0 robe (fast, 51% to hit)
You throw a throwing net {!f}. The throwing net {!f} misses Dowan.
Dowan hits you but does no damage. Dowan barely misses you.
You hit Dowan.
Dowan is lightly wounded.
Dowan closely misses you.
You miss Dowan.
Dowan is lightly wounded.
Dowan completely misses you. Dowan casts a spell at you.
The stone arrow hits you!
* * * LOW HITPOINT WARNING * * *
You gain the combat prowess of a mighty hero.
Dowan says, "Her death will not be in vain!"
Dowan gestures at you while chanting. The stone arrow hits you.
* * * LOW HITPOINT WARNING * * *
Dowan hits you but does no damage.
It was a potion of degeneration.
There was something very wrong with that liquid.
You feel weakened.
You feel dopey.
You feel clumsy. Dowan barely misses you. Dowan misses you.
It was a potion of lignification.
You turn into a tree.
Your +0 helmet melds into your body.
Your +0 scale mail melds into your body.
Your roots penetrate the ground.
Dowan gestures at you while chanting. The stone arrow hits you!
You die...

###.##..####
....##..###
##..##....####
#....)#.....#
##..).#...#.# ####
###)##.###.######.....
#....# #.##.(..e....
###### #.# #e# #.###♣#
#.....# #######


You could see Dowan (fast).

Vanquished Creatures
  Duvessa (D:5)
  A necrophage (D:5)
  An ogre (D:5)
  A centaur skeleton (D:5)
  An orc priest (D:5)
  2 adders
  A white imp (D:5)
  3 dart slugs
  A leopard gecko (D:5)
  3 orcs (D:5)
  3 giant cockroaches
  12 goblins
  5 hobgoblins
  4 jackals (D:2)
  A bat (D:1)
  2 frilled lizards
  3 kobolds
  2 rats
47 creatures vanquished.

Notes
Turn   | Place    | Note
-------+----------+-------------------------------------------
     0 | D:1      | EnegeticOcto the Halfling Gladiator began the quest for the
                  | Orb.
     0 | D:1      | Reached XP level 1. HP: 14/14 MP: 1/1
   104 | D:2      | Reached skill level 3 in Staves
   104 | D:2      | Reached XP level 2. HP: 11/19 MP: 2/2
   133 | D:2      | Reached XP level 3. HP: 8/24 MP: 3/3
   505 | D:3      | Reached XP level 4. HP: 27/27 MP: 4/4
   593 | D:5      | Entered Level 5 of the Dungeon
   595 | D:5      | Noticed an ogre
   607 | D:5      | Killed an ogre
   608 | D:5      | Reached skill level 4 in Staves
   608 | D:5      | Reached XP level 5. HP: 13/34 MP: 5/5
   637 | D:4      | Found a staircase to the Ecumenical Temple.
   642 | Temple   | Entered the Ecumenical Temple
   667 | Temple   | Became a worshipper of Warmaster Okawaru
   710 | D:5      | Reached skill level 2 in Fighting
   740 | D:5      | Noticed a necrophage
   752 | D:5      | Killed a necrophage
   753 | D:5      | Reached skill level 5 in Staves
   753 | D:5      | Reached XP level 6. HP: 32/41 MP: 6/6
   898 | D:5      | Noticed Duvessa
   898 | D:5      | Noticed Dowan
   918 | D:5      | Killed Duvessa
   918 | D:5      | Reached * piety under Okawaru
   919 | D:5      | Reached skill level 3 in Fighting
   919 | D:5      | Reached XP level 7. HP: 23/46 MP: 7/7
   926 | D:5      | Killed from afar by Dowan

Illustrated notes

Levels and vault maps discovered:
D:1:      matt_arrival_grand_opening, layout_basic, st_stairs_4
D:2:      kennysheep_the_goblin_king, layout_rooms
D:3:      layout_loops_ring
D:4:      layout_cave_pods, grunt_temple_overflow_open,
          minmay_temple_entry_from_below_a, serial_co_window_serial,
          co_window_paths_a, co_window_paths_a, co_window_paths_a,
          co_window_paths_a, co_window_paths_b, co_window_corner_ca,
          co_window_broadway_c, co_window_unsneaky_path_d, co_window_corner_b,
          co_window_cross_4, co_window_of_opportunity_b,
          co_window_of_opportunity_c, glass_columns_a, glass_columns_b,
          uniq_menkaure, uniq_pikel
D:5:      layout_basic, saegor_snake_ambush, uniq_duvessa
Temple:   cyrus_temple_forest

Skill      XL: |  1  2  3  4  5  6 |
---------------+-------------------+-----
Staves         | 3 4 5 |  5.8
Fighting       | 2 3 |  3.0
Throwing       | |  2.0
Dodging        | |  3.2

Action                   |  1- 3 |  4- 6 |  7- 9 || total
-------------------------+-------+-------+-------++-------
Melee: Quarterstaff      |    93 |    56 |     4 ||   153
Throw: Stone             |     2 |     7 |       ||     9
       Boomerang         |       |     3 |       ||     3
       Throwing net      |       |     2 |     1 ||     3
Invok: Heroism           |       |       |     1 ||     1
Evoke: Wand              |       |     2 |       ||     2
  Use: Scroll            |     1 |     1 |       ||     2
       Potion            |     1 |       |     2 ||     3
 Stab: Held in net/web   |       |     3 |       ||     3
Armor: Ring mail         |    12 |       |       ||    12
       Scale mail        |    16 |    12 |     2 ||    30
Dodge: Dodged            |    66 |    29 |     7 ||   102

Table legend: (Time is in decaauts)
 A = Elapsed time spent in this place.
 B = Non-inter-level travel time spent in this place.
 C = Inter-level travel time spent in this place.
 D = Time resting spent in this place.
 E = Time spent auto-exploring this place.
 F = Levels seen in this place.
 G = Mean time per level.
                   A        B        C        D        E       F      G
               +--------+--------+--------+--------+--------+-----+--------+
         Total |    944 |    921 |     23 |      0 |      0 |   6 |  157.3 |
       Dungeon |    895 |    872 |     23 |      0 |      0 |   5 |  179.0 |
        Temple |     48 |     48 |      0 |      0 |      0 |   1 |   48.0 |
               +--------+--------+--------+--------+--------+-----+--------+

Top non-repeatable levels by time:
     D:2: 290 daAuts
     D:5: 275 daAuts
     D:1: 161 daAuts
     D:3: 109 daAuts
     D:4: 59 daAuts
  Temple: 48 daAuts
